 Dungeon Crawl Stone Soup version 0.24-a0-446-g87df7205b4 (console) character file.

Game seed: 6247409199180048059

271 nht the Cutter (level 6, -6/44 HPs)
             Began as a Vampire Assassin on June 23, 2019.
             Was an Initiate of Makhleb.
             Mangled by Grinder (7 damage)
             ... on level 3 of the Dungeon.
             The game lasted 00:05:46 (1424 turns).

nht the Cutter (Vampire Assassin)                   Turns: 1424, Time: 00:05:46

Health: -6/44      AC:  2    Str: 10    XL:     6   Next: 2%
Magic:  0/6        EV: 12    Int: 13    God:    Makhleb [......]
Gold:   100        SH:  0    Dex: 18    Spells: 5/5 levels left

rFire    . . .     SeeInvis +   a - +2 dagger
rCold    . . .     Gourm    .   (no shield)
rNeg     . . .     Faith    .   b - +0 robe
rPois    .         Spirit   +   (no helmet)
rElec    .         Reflect  .   f - scarf {Spirit}
rCorr    .         Harm     .   (no gloves)
MR       .....                  (no boots)
Stlth    +++.......             (no amulet)
HPRegen  0.34/turn              (no ring)
MPRegen  0.10/turn              (no ring)

@: regenerating quickly
A: no food, fangs 3, see invisible, unbreathing
a: Exsanguinate, Renounce Religion


You were on level 3 of the Dungeon.
You worshipped Makhleb.
Makhleb was noncommittal.
You were alive.

You visited 1 branch of the dungeon, and saw 3 of its levels.

You collected 100 gold pieces.

Inventory:

Hand Weapons
 a - a +2 dagger (weapon)
Missiles
 d - 29 poisoned darts (quivered)
 e - 2 curare-tipped darts
Armour
 b - a +0 robe (worn)
 c - a +0 cloak
 f - a scarf of spirit shield (worn)
 p - a +0 shield
Scrolls
 g - a scroll of fear {unknown}
 h - a scroll of amnesia {unknown}
 i - 2 scrolls of magic mapping {unknown}
 j - 8 scrolls of remove curse {unknown}
 k - 2 scrolls of identify {unknown}
 l - a scroll of fog {unknown}
 m - 2 scrolls of teleportation {unknown}
 o - a scroll of immolation {unknown}


   Skills:
 - Level 1.7 Fighting
 * Level 6.7 Short Blades
 - Level 1.5 Throwing
 - Level 1.1 Dodging
 - Level 5.8 Stealth
 + Level 1.1 Invocations


You had 5 spell levels left.
You didn't know any spells.
Your spell library was empty.

Dungeon Overview and Level Annotations

Branches:
Dungeon (3/15)

Altars:
Makhleb

Annotations:
D:3 Grinder


Innate Abilities, Weirdness & Mutations

You do not eat.
Your natural rate of healing is unusually fast.
You have razor-sharp teeth.
You have supernaturally acute eyesight. (SInv)
You can survive without breathing.


Message History

You barely miss Grinder.
Grinder is moderately wounded.
Grinder hits you.
You writhe in agony.
* * * LOW HITPOINT WARNING * * *
Throwing (i - inventory. (/) - cycle)
n - 2 throwing nets (quivered)
Press: ? - help, Shift-Dir - straight line, f/p - Grinder
Aim: Grinder (moderately wounded)
You throw a throwing net.
The throwing net closely misses Grinder.
Grinder hits you!
* * * LOW HITPOINT WARNING * * *
You writhe in agony.
* * * LOW HITPOINT WARNING * * *
Throwing (i - inventory. (/) - cycle)
n - a throwing net (quivered)
Press: ? - help, Shift-Dir - straight line, f/p - Grinder
Aim: Grinder (moderately wounded)
You throw a throwing net.
The throwing net completely misses Grinder.
Grinder hits you!
You die...

.......█....†..███
█.█████..██████†..
█.......████ █...
█...█.%....█ █...
█†█ █......█ █...
█.█ █......█ █...
█)█ █......█ █...
█.██████.█ █......█
█... .......█@█
█......█ █...
█..5███..[†..███████
██...†ho..†.$.....
█..███████†.█████
.....█ █........
.....8.█ █........
.8.8..██ ..█.>....
...... .o█......
..██.. 5..█......


You could see Grinder.

Vanquished Creatures
  A howler monkey (D:3)
  2 hounds
  4 adders (D:2)
  4 gnolls
  A worm (D:3)
  5 dart slugs
  5 leopard geckos
  An orc (D:3)
  3 giant cockroaches
  2 goblins
  11 hobgoblins
  17 jackals
  2 ball pythons
  10 bats
  3 frilled lizards
  5 kobolds
  4 rats
80 creatures vanquished.

Notes
Turn   | Place    | Note
-------+----------+-------------------------------------------
     0 | D:1      | nht the Vampire Assassin began the quest for the Orb.
     0 | D:1      | Reached XP level 1. HP: 16/16 MP: 1/1
    59 | D:1      | Reached skill level 3 in Short Blades
    59 | D:1      | Reached XP level 2. HP: 19/22 MP: 2/2
   183 | D:1      | Reached XP level 3. HP: 18/27 MP: 3/3
   224 | D:1      | Reached skill level 4 in Short Blades
   668 | D:2      | Reached XP level 4. HP: 31/33 MP: 4/4
   712 | D:2      | Reached skill level 5 in Short Blades
   812 | D:2      | Reached XP level 5. HP: 3/38 MP: 1/5
   816 | D:2      | You fall into a shaft and drop 1 floor!
   816 | D:3      | Found a burning altar of Makhleb.
   817 | D:3      | Reached skill level 6 in Short Blades
   821 | D:3      | Became a worshipper of Makhleb the Destroyer
   978 | D:2      | Found a faded altar of an unknown god.
  1353 | D:3      | Reached skill level 1 in Invocations
  1367 | D:3      | Noticed Grinder
  1398 | D:3      | Reached XP level 6. HP: 30/44 MP: 6/6
  1423 | D:3      | HP: 1/44 [Grinder (3)]
  1424 | D:3      | Mangled by Grinder

Levels and vault maps discovered:
D:1:      lemuel_arrival_cross, layout_basic
D:2:      layout_rooms, chequers_ecumenical_altar_simple_redux, first_ration
D:3:      minmay_evil_eye, layout_rooms, makhleb_blood_cavern_becter,
          zin_statuary, gammafunk_ghost_stat_death, lemuel_angel_altar,
          uniq_grinder

Skill      XL: |  1  2  3  4  5 |
---------------+----------------+-----
Short Blades   | 3 4 5 6 |  6.7
Invocations    | 1 |  1.1
Fighting       | |  1.7
Throwing       | |  1.5
Dodging        | |  1.1
Stealth        | |  5.8

Action                   |  1- 3 |  4- 6 || total
-------------------------+-------+-------++-------
Melee: Dagger            |   153 |   161 ||   314
       Bite              |    13 |    13 ||    26
Throw: Dart              |       |    26 ||    26
       Throwing net      |       |     3 ||     3
  Use: Potion            |       |     1 ||     1
 Stab: Sleeping          |     6 |     3 ||     9
       Distracted        |     1 |       ||     1
Armor: Robe              |    39 |    25 ||    64
Dodge: Dodged            |   104 |   100 ||   204

Table legend:
 A = Non-vault XP
 B = Vault XP
 C = Vault XP percentage of total XP
 D = Non-vault monster count
 E = Vault monster count
 F = Vault count percentage of total count
                 A         B        C        D         E       F
            +---------+---------+-------+---------+---------+-------
      Total |     343 |      45 |  11.6 |      79 |       1 |   1.2
            +---------+---------+-------+---------+---------+-------
        D:1 |      90 |       0 |   0.0 |      39 |       0 |   0.0
        D:2 |     168 |       0 |   0.0 |      22 |       0 |   0.0
        D:3 |      85 |      45 |  34.6 |      18 |       1 |   5.3
            +---------+---------+-------+---------+---------+-------
